3AAA
TREMONT DOUBLEDAYS @ AUGUSTA TIMBER HAWKS
09/14/2028
 
TOP OF THE 1ST
Tremont Doubledays batting - Pitching for Augusta Timber Hawks : LHP Roy Alsobrook
Pitching: LHP Roy Alsobrook
Batting: SHB Carlos González 0-0: Fly out, F3 (Popup, 3L)
Batting: RHB Pablo Ledesma 0-0: Called Strike
0-1: Called Strike
0-2: SINGLE (Groundball, 6MD)
Batting: RHB Otis Brewer 0-0: Ball
1-0: Foul Ball, location: 2F
1-1: Fielders Choice at 2nd, 6-4 (Groundball, 6)
Batting: RHB Alfredo Suárez 0-0: Ball
1-0: 2-RUN HOME RUN (Flyball, 7D), Distance : 413 ft
Batting: LHB Steve Ingram 0-0: Ball
1-0: Ball
2-0: Ball
3-0: Base on Balls
Batting: RHB Sang Hong-Do 0-0: Ball
1-0: Called Strike
1-1: Ball
2-1: Ball
3-1: SINGLE (Line Drive, 6MD)
Steve Ingram to second
Batting: RHB Jesús Quintana 0-0: Fly out, F8 (Flyball, 8RS)
Top of the 1st over - 2 run(s), 3 hit(s), 0 error(s), 2 left on base; Tremont 2 - Augusta 0
BOTTOM OF THE 1ST
Augusta Timber Hawks batting - Pitching for Tremont Doubledays : LHP Mathieu Neri
Pitching: LHP Mathieu Neri
Batting: RHB Jeremy Boyter 0-0: Foul Ball, location: 2F
0-1: Called Strike
0-2: Strikes out swinging
Batting: RHB Anastasio Hernández 0-0: Ball
1-0: Ground out 5-3 (Groundball, 56S)
Batting: LHB Alberto Torres 0-0: Ball
1-0: Foul Ball, location: 2F
1-1: Ball
2-1: SINGLE (Groundball, 4MD)
Batting: RHB Scott Robertson 0-0: Ball
1-0: Swinging Strike
1-1: Ball
2-1: Ball
3-1: Called Strike
3-2: Base on Balls
Alberto Torres to second
Batting: SHB Adrián Zamudio 0-0: SINGLE (Groundball, 4MD)
Alberto Torres to third
Scott Robertson to second
Runner from 3rd tries for Home, throw and OUT!
Bottom of the 1st over - 0 run(s), 2 hit(s), 0 error(s), 2 left on base; Tremont 2 - Augusta 0
TOP OF THE 2ND
Tremont Doubledays batting - Pitching for Augusta Timber Hawks : LHP Roy Alsobrook
Batting: RHB Dale Quick 0-0: Called Strike
0-1: Called Strike
0-2: Ball
1-2: Ball
2-2: Strikes out looking
Batting: RHB Abad Lugo 0-0: Fly out, F8 (Line Drive, 8LM)
Batting: SHB Carlos González 0-0: Ball
1-0: Ball
2-0: Called Strike
2-1: Ball
3-1: Foul Ball, location: 2F
3-2: Foul Ball, location: 2F
3-2: Base on Balls
Batting: RHB Pablo Ledesma 0-0: Called Strike
Carlos González steals 2nd base
0-1: Ball
1-1: Ball
2-1: Fly out, F4 (Popup, 4)
Top of the 2nd over - 0 run(s), 0 hit(s), 0 error(s), 1 left on base; Tremont 2 - Augusta 0
BOTTOM OF THE 2ND
Augusta Timber Hawks batting - Pitching for Tremont Doubledays : LHP Mathieu Neri
Batting: RHB Armond Merlin 0-0: Ball
1-0: Foul Ball, location: 2F
1-1: Called Strike
1-2: Fly out, F7 (Flyball, 78M)
Batting: LHB José Pérez 0-0: SINGLE (Flyball, 6MD)
Batting: LHB António Serrano 0-0: Ball
1-0: Fly out, F3 (Line Drive, 3)
Batting: RHB Uchino Akahito 0-0: Called Strike
0-1: Ball
1-1: Foul Ball, location: 2F
1-2: Ball
2-2: Foul Ball, location: 2F
2-2: Fly out, F8 (Flyball, 89M)
Bottom of the 2nd over - 0 run(s), 1 hit(s), 0 error(s), 1 left on base; Tremont 2 - Augusta 0
TOP OF THE 3RD
Tremont Doubledays batting - Pitching for Augusta Timber Hawks : LHP Roy Alsobrook
Batting: RHB Otis Brewer 0-0: Called Strike
0-1: Foul Ball, location: 2F
0-2: Ball
1-2: Strikes out swinging
Batting: RHB Alfredo Suárez 0-0: Swinging Strike
0-1: Ball
1-1: Swinging Strike
1-2: Ball
2-2: Foul Ball, location: 2F
2-2: Strikes out swinging
Batting: LHB Steve Ingram 0-0: Called Strike
0-1: Fly out, F8 (Line Drive, 8RM)
Top of the 3rd over - 0 run(s), 0 hit(s), 0 error(s), 0 left on base; Tremont 2 - Augusta 0
BOTTOM OF THE 3RD
Augusta Timber Hawks batting - Pitching for Tremont Doubledays : LHP Mathieu Neri
Batting: RHB Jeremy Boyter 0-0: Called Strike
0-1: Ball
1-1: Swinging Strike
1-2: Foul Ball, location: 2F
1-2: Foul Ball, location: 2F
1-2: Ball
2-2: Fly out, F7 (Flyball, 7)
Batting: RHB Anastasio Hernández 0-0: Ground out 4-3 (Groundball, 4M)
Batting: LHB Alberto Torres 0-0: Called Strike
0-1: Ball
1-1: Fly out, F8 (Line Drive, 78S)
Bottom of the 3rd over - 0 run(s), 0 hit(s), 0 error(s), 0 left on base; Tremont 2 - Augusta 0
TOP OF THE 4TH
Tremont Doubledays batting - Pitching for Augusta Timber Hawks : LHP Roy Alsobrook
Batting: RHB Sang Hong-Do 0-0: Ball
1-0: Foul Ball, location: 2F
1-1: Ball
2-1: Foul Ball, location: 2F
2-2: Ball
3-2: Foul Ball, location: 2F
3-2: Foul Ball, location: 2F
3-2: Strikes out swinging
Batting: RHB Jesús Quintana 0-0: Foul Ball, location: 2F
0-1: Ball
1-1: Swinging Strike
1-2: Ball
2-2: Foul Ball, location: 2F
2-2: Foul Ball, location: 2F
2-2: Strikes out swinging
Batting: RHB Dale Quick 0-0: Ball
1-0: Foul Ball, location: 2F
1-1: Swinging Strike
1-2: Strikes out swinging
Top of the 4th over - 0 run(s), 0 hit(s), 0 error(s), 0 left on base; Tremont 2 - Augusta 0
BOTTOM OF THE 4TH
Augusta Timber Hawks batting - Pitching for Tremont Doubledays : LHP Mathieu Neri
Batting: RHB Scott Robertson 0-0: SOLO HOME RUN (Line Drive, 7D), Distance : 434 ft
Batting: SHB Adrián Zamudio 0-0: Ball
1-0: Fly out, F9 (Flyball, 9LM)
Batting: RHB Armond Merlin 0-0: Foul Ball, location: 2F
0-1: Ground out 6-3 (Groundball, 6)
Batting: LHB José Pérez 0-0: SINGLE (Flyball, 7LS)
Batting: LHB António Serrano 0-0: Ball
José Pérez steals 2nd base
1-0: Ball
2-0: Foul Ball, location: 2F
2-1: Foul Ball, location: 2F
2-2: Fly out, F8 (Flyball, 78M)
Bottom of the 4th over - 1 run(s), 2 hit(s), 0 error(s), 1 left on base; Tremont 2 - Augusta 1
TOP OF THE 5TH
Tremont Doubledays batting - Pitching for Augusta Timber Hawks : LHP Roy Alsobrook
Batting: RHB Abad Lugo 0-0: Ball
1-0: Fly out, F8 (Flyball, 8RM)
Batting: SHB Carlos González 0-0: Called Strike
0-1: SINGLE (Groundball, 34D)
Batting: RHB Pablo Ledesma 0-0: Ball
Carlos González is caught stealing 2nd base
1-0: Ball
2-0: SINGLE (Groundball, 34D)
Batting: RHB Otis Brewer 0-0: Ball
1-0: Swinging Strike
1-1: Fly out, F9 (Flyball, 89M)
Top of the 5th over - 0 run(s), 2 hit(s), 0 error(s), 1 left on base; Tremont 2 - Augusta 1
BOTTOM OF THE 5TH
Augusta Timber Hawks batting - Pitching for Tremont Doubledays : LHP Mathieu Neri
Batting: RHB Uchino Akahito 0-0: Swinging Strike
0-1: Foul Ball, location: 2F
0-2: Foul Ball, location: 2F
0-2: Ball
1-2: Ball
2-2: Fly out, F7 (Flyball, 7S)
Batting: RHB Jeremy Boyter 0-0: Foul Ball, location: 2F
0-1: Foul Ball, location: 2F
0-2: Foul Ball, location: 2F
0-2: Fly out, F8 (Flyball, 8RD)
Batting: RHB Anastasio Hernández 0-0: Ball
1-0: Fly out, F9 (Flyball, 9LM)
Bottom of the 5th over - 0 run(s), 0 hit(s), 0 error(s), 0 left on base; Tremont 2 - Augusta 1
TOP OF THE 6TH
Tremont Doubledays batting - Pitching for Augusta Timber Hawks : LHP Roy Alsobrook
Batting: RHB Alfredo Suárez 0-0: Called Strike
0-1: Swinging Strike
0-2: Strikes out swinging
Batting: LHB Steve Ingram 0-0: Ball
1-0: Foul Ball, location: 2F
1-1: Swinging Strike
1-2: Ball
2-2: Ball
3-2: Foul Ball, location: 2F
3-2: Fly out, F8 (Flyball, 8RXD)
Batting: RHB Sang Hong-Do 0-0: Ball
1-0: Called Strike
1-1: Foul Ball, location: 2F
1-2: Foul Ball, location: 2F
1-2: Strikes out swinging
Top of the 6th over - 0 run(s), 0 hit(s), 0 error(s), 0 left on base; Tremont 2 - Augusta 1
BOTTOM OF THE 6TH
Augusta Timber Hawks batting - Pitching for Tremont Doubledays : LHP Mathieu Neri
Batting: LHB Alberto Torres 0-0: Ball
1-0: Ball
2-0: Ball
3-0: Base on Balls
Batting: RHB Scott Robertson 0-0: Fly out, F7 (Flyball, 7)
Batting: SHB Adrián Zamudio 0-0: Ball
1-0: Ball
2-0: Ball
3-0: Base on Balls
Alberto Torres to second
Batting: RHB Armond Merlin 0-0: Fly out, F8 (Flyball, 78S)
Batting: LHB José Pérez 0-0: Ball
1-0: Ball
2-0: Called Strike
2-1: Foul Ball, location: 2F
2-2: Foul Ball, location: 2F
2-2: Ball
3-2: Base on Balls
Alberto Torres to third
Adrián Zamudio to second
Batting: LHB António Serrano 0-0: Ball
1-0: Called Strike
1-1: Swinging Strike
1-2: Ball
2-2: Fly out, F5 (Popup, 5S)
Bottom of the 6th over - 0 run(s), 0 hit(s), 0 error(s), 3 left on base; Tremont 2 - Augusta 1
TOP OF THE 7TH
Tremont Doubledays batting - Pitching for Augusta Timber Hawks : LHP Roy Alsobrook
Batting: RHB Jesús Quintana 0-0: Ball
1-0: Swinging Strike
1-1: Fly out, F9 (Flyball, 9S)
Batting: RHB Dale Quick 0-0: Called Strike
0-1: Foul Ball, location: 2F
0-2: Foul Ball, location: 2F
0-2: Foul Ball, location: 2F
0-2: Ball
1-2: Ball
2-2: DOUBLE (Line Drive, 7LM)
Pitching: LHP Earnest Cogan
Pinch Hitting: RHB Menno van de Vlugt 0-0: Intentional Walk
Pinch Hitting: RHB Arturo Morales 0-0: Called Strike
0-1: 3-RUN HOME RUN (Flyball, 8LXD), Distance : 443 ft
Batting: RHB Pablo Ledesma 0-0: Called Strike
0-1: Ball
1-1: Ball
2-1: Foul Ball, location: 2F
2-2: Ground out 4-3 (Groundball, 34)
Batting: RHB Otis Brewer 0-0: Called Strike
0-1: Swinging Strike
0-2: Ball
1-2: Hit by Pitch
Batting: RHB Alfredo Suárez 0-0: Called Strike
0-1: Ball
1-1: Ball
2-1: Ball
3-1: Fielders Choice at 2nd, 5-4 (Groundball, 56)
Top of the 7th over - 3 run(s), 2 hit(s), 0 error(s), 0 left on base; Tremont 5 - Augusta 1
BOTTOM OF THE 7TH
Augusta Timber Hawks batting - Pitching for Tremont Doubledays : LHP Mathieu Neri
Now at 3B: José Olvera
Now in LF: Arturo Morales
Batting: RHB Uchino Akahito 0-0: Ball
1-0: Ball
2-0: Called Strike
2-1: Foul Ball, location: 2F
2-2: Foul Ball, location: 2F
2-2: Strikes out swinging
Batting: RHB Jeremy Boyter 0-0: Ground out 6-3 (Groundball, 6)
Batting: RHB Anastasio Hernández 0-0: Called Strike
0-1: Swinging Strike
0-2: Ball
1-2: Ball
2-2: Hit by Pitch
Batting: LHB Alberto Torres 0-0: Swinging Strike
0-1: Ball
Anastasio Hernández steals 2nd base
1-1: Ball
2-1: Called Strike
2-2: Ground out U3 (Groundball, 34)
Bottom of the 7th over - 0 run(s), 0 hit(s), 0 error(s), 1 left on base; Tremont 5 - Augusta 1
TOP OF THE 8TH
Tremont Doubledays batting - Pitching for Augusta Timber Hawks : LHP Earnest Cogan
Batting: LHB Steve Ingram 0-0: Ball
1-0: Foul Ball, location: 2F
1-1: Ball
2-1: Ball
3-1: Foul Ball, location: 2F
3-2: Base on Balls
Batting: RHB Sang Hong-Do 0-0: Ball
1-0: Sac Bunt - play at first, batter safe!
Steve Ingram to second
Batting: RHB Jesús Quintana 0-0: Ball
1-0: Foul Ball, location: 2F
1-1: Ball
2-1: Ball
3-1: Grounds into double play, 6-4-3 (Groundball, 6)
Steve Ingram to third
Batting: RHB Dale Quick 0-0: Ball
1-0: Ball
Passed Ball!
Steve Ingram scores
2-0: Called Strike
2-1: Swinging Strike
2-2: Ball
3-2: Foul Ball, location: 2F
3-2: Base on Balls
Pitching: RHP António Andrade
Batting: RHB José Olvera 0-0: Ball
1-0: Ball
Dale Quick steals 2nd base
2-0: Ball
3-0: Called Strike
3-1: Called Strike
3-2: Foul Ball, location: 2F
3-2: Ground out 3-1 (Groundball, 34)
Top of the 8th over - 1 run(s), 1 hit(s), 0 error(s), 1 left on base; Tremont 6 - Augusta 1
BOTTOM OF THE 8TH
Augusta Timber Hawks batting - Pitching for Tremont Doubledays : LHP Mathieu Neri
Batting: RHB Scott Robertson 0-0: Ball
1-0: Foul Ball, location: 2F
1-1: Ground out 6-3 (Groundball, 6)
Batting: SHB Adrián Zamudio 0-0: Called Strike
0-1: Ball
1-1: Ball
2-1: Ball
3-1: Called Strike
3-2: SINGLE (Line Drive, 8LS)
Pitching: LHP Denis Melis
Batting: RHB Armond Merlin 0-0: Swinging Strike
0-1: Ball
1-1: Ball
2-1: Swinging Strike
2-2: Strikes out swinging
Batting: LHB José Pérez 0-0: Ball
1-0: Fielders Choice at 2nd, 5-4 (Groundball, 56)
Bottom of the 8th over - 0 run(s), 1 hit(s), 0 error(s), 0 left on base; Tremont 6 - Augusta 1
TOP OF THE 9TH
Tremont Doubledays batting - Pitching for Augusta Timber Hawks : RHP António Andrade
Batting: RHB Arturo Morales 0-0: Called Strike
0-1: Fly out, F8 (Flyball, 89M)
Batting: RHB Pablo Ledesma 0-0: Ball
1-0: Ball
2-0: Ball
3-0: Base on Balls
Batting: RHB Otis Brewer 0-0: Called Strike
0-1: Ball
1-1: Swinging Strike
1-2: Foul Ball, location: 2F
1-2: Ball
2-2: Strikes out looking
Batting: RHB Alfredo Suárez 0-0: Ball
1-0: Called Strike
1-1: Foul Ball, location: 2F
1-2: SINGLE (Line Drive, 56D)
Pablo Ledesma to second
Batting: LHB Steve Ingram 0-0: Ball
1-0: Ball
2-0: Ball
3-0: Swinging Strike
3-1: Called Strike
3-2: Foul Ball, location: 2F
3-2: Base on Balls
Pablo Ledesma to third
Alfredo Suárez to second
Batting: RHB Sang Hong-Do 0-0: Ball
1-0: Swinging Strike
1-1: Swinging Strike
1-2: Fly out, F9 (Flyball, 9S)
Top of the 9th over - 0 run(s), 1 hit(s), 0 error(s), 3 left on base; Tremont 6 - Augusta 1
BOTTOM OF THE 9TH
Augusta Timber Hawks batting - Pitching for Tremont Doubledays : LHP Denis Melis
Batting: LHB António Serrano 0-0: Called Strike
0-1: Ball
1-1: Called Strike
1-2: SINGLE (Groundball, 56D)
Batting: RHB Uchino Akahito 0-0: Called Strike
0-1: Fly out, F9 (Flyball, 9LS)
Batting: RHB Jeremy Boyter 0-0: Ball
1-0: Called Strike
1-1: Ball
2-1: SINGLE (Groundball, 56) (infield hit)
António Serrano to second
Batting: RHB Anastasio Hernández 0-0: Grounds into double play, 4-6-3 (Groundball, 4)
Bottom of the 9th over - 0 run(s), 2 hit(s), 0 error(s), 1 left on base; Tremont 6 - Augusta 1
Tuesday, September 5th, 2017 - OOTP Baseball 17.12 Build 75